Map: Terminal Paladino LE

Players

efelinto

  • Race: Protoss Protoss
  • League: Diamond
  • Spawn Location: 9:00

Knives - Winner!

  • Race: Protoss Protoss
  • League: Platinum
  • Spawn Location: 5:00

VOD

Have the link to the VOD?

Description

Time

  • Played on: April 23, 2017, 3:54 a.m.
  • Length: 4:35
Show
View Real Time Build Order
Export as new Build Order

efelinto Protoss 

Build Orders:  

Get SALT Encoding   

  12  0:01  Probe (Chrono Boost)  
  13  0:11  Probe (Chrono Boost)  
  14  0:20  Pylon  
  14  0:22  Probe (Chrono Boost)  
  15  0:39  Probe (Chrono Boost)  
  15  0:41  Gateway  
  16  0:48  Assimilator  
  16  0:49  Probe (Chrono Boost)  
  17  0:56  Assimilator  
  17  1:00  Probe (Chrono Boost)  
  18  1:10  Probe (Chrono Boost)  
  19  1:21  Probe (Chrono Boost)  
  20  1:28  Cybernetics Core  
  20  1:31  Probe (Chrono Boost)  
  21  1:42  Probe (Chrono Boost)  
  22  1:49  Pylon  
  22  1:53  Probe (Chrono Boost)  
  23  1:55  Warp Gate  
  23  2:03  Stalker  
  26  2:08  Probe (Chrono Boost)  
  26  2:15  Pylon  
  26  2:20  Probe (Chrono Boost)  
  27  2:33  Probe (Chrono Boost)  
  28  2:41  Stalker  
  30  2:48  Gateway  
  30  2:51  Gateway  
  30  2:53  Gateway  
  30  3:58  Pylon  
  30  4:08  Pylon  
  30  4:12  Pylon  
  30  4:14  Pylon  
  30  4:16  Pylon  
  30  4:19  Zealot, Pylon  
  30  4:20  Zealot  
  30  4:33  Zealot  
Show
View Real Time Build Order
Export as new Build Order

Knives Protoss - Winner!

Build Orders:  

Get SALT Encoding   

  12  0:01  Probe (Chrono Boost)  
  13  0:13  Probe (Chrono Boost)  
  14  0:19  Pylon  
  14  0:24  Probe (Chrono Boost)  
  15  0:38  Probe (Chrono Boost), Gateway  
  16  0:45  Assimilator  
  16  0:51  Probe (Chrono Boost)  
  17  1:11  Assimilator  
  17  1:13  Probe (Chrono Boost)  
  18  1:23  Probe (Chrono Boost)  
  19  1:27  Cybernetics Core  
  19  1:36  Probe (Chrono Boost)  
  20  1:43  Pylon  
  20  2:07  Nexus  
  20  2:08  Pylon  
  20  2:10  Probe (Chrono Boost)  
  20  2:12  Adept  
  23  2:21  Probe (Chrono Boost)  
  24  2:29  Gateway  
  24  2:42  Mothership Core (Chrono Boost)  
  25  2:44  Stalker  
  27  3:04  Probe (Chrono Boost)  
  28  3:05  Pylon  
  28  3:22  Probe (Chrono Boost)  
  28  3:24  Probe (Chrono Boost)  
  30  3:29  Stalker x2  
  34  3:43  Gateway  
  36  4:03  Probe x2 (Chrono Boost)  
  36  4:04  Robotics Facility  
  36  4:05  Stalker  
  38  4:13  Forge  
Tags
 
Add a new tag
Caveats
  • Supply blocks, unpowered buildings, or Contaminate may cause inaccurate times.
  • Supply counts are checked every 10 seconds.